 Dungeon Sprint DCSS version 0.22-a0-135-g6f012ad (webtiles) character file.

2947 Faca the Unseen (level 9, -2/59 HPs)
             Began as a Gargoyle Gladiator on Jan 31, 2018.
             Was an Elder of Uskayaw.
             Killed from afar by a rime drake (17 damage)
             ... with a flash freeze
             ... in the Dungeon (Sprint IX: "|||||||||||||||||||||||||||||").
             The game lasted 00:05:10 (1553 turns).

Faca the Unseen (Gargoyle Gladiator)                Turns: 1553, Time: 00:05:10

Health: -2/59      AC: 16    Str: 25    XL:     9   Next: 80%
Magic:  13/13      EV: 12    Int:  8    God:    Uskayaw [****..]
Gold:   16         SH:  0    Dex: 14    Spells: 8/8 levels left

rFire    . . .     SeeInvis .   a - +0 rapier
rCold    . . .     Gourm    .   (no shield)
rNeg     + . .     Faith    .   q - +2 ring mail
rPois    ∞         Spirit   .   c - +0 helmet
rElec    +         Reflect  .   (no cloak)
rCorr    .         Harm     .   p - +0 pair of gloves
MR       .....     NoTele   +   o - +0 pair of boots
Stlth    +++++.....             (no amulet)
HPRegen  0.19/turn              b - +3 ring of strength
MPRegen  0.13/turn              r - +3 ring of strength

@: no status effects
A: negative energy resistance 1, electricity resistance, unbreathing,
petrification resistance, rot immunity, AC +6
a: Stomp, Line Pass, Renounce Religion


You were in the Dungeon.
You worshipped Uskayaw.
Uskayaw was noncommittal.
You were not hungry.

You visited 1 branch You collected 16 gold pieces.

Inventory:

Hand Weapons
 a - a +0 rapier (weapon)
Missiles
 d - 3 throwing nets (quivered)
Armour
 c - a +0 helmet (worn)
 o - a +0 pair of boots (worn)
 p - a +0 pair of gloves (worn)
 q - a +2 ring mail (worn)
Jewellery
 b - a +3 ring of strength (left hand)
 r - a +3 ring of strength (right hand)
Wands
 n - a wand of acid (10)
Scrolls
 k - 3 scrolls of blinking
 l - 3 scrolls of remove curse
 m - 2 scrolls of amnesia
 t - 2 scrolls of fear
 u - a scroll of identify
 v - 2 scrolls of enchant armour
Potions
 e - 6 potions of curing
 f - a potion of brilliance
 g - 4 potions of heal wounds
 h - a potion of haste
 i - 4 potions of magic
 j - a potion of invisibility
 s - a potion of berserk rage


   Skills:
 + Level 7.8 Fighting
 + Level 12.7 Short Blades
 - Level 1.7 Throwing
 - Level 2.4 Dodging
 + Level 15.5 Stealth
 + Level 4.1 Invocations
 - Level 6.2 Evocations


You had 8 spell levels left.
You didn't know any spells.

Dungeon Overview and Level Annotations

Branches:
Dungeon (1/1)

Altars:
Cheibriados
Dithmenos
Elyvilon
Fedhas
Gozag
Hepliaklqana
Kikubaaqudgha
Makhleb
Nemelex Xobeh
Okawaru
Qazlal
Ru
Sif Muna
Trog
Uskayaw
Vehumet
Wu Jian
Xom
Yredelemnul
Zin
The Shining One
Beogh
Jiyva
Lugonu


Innate Abilities, Weirdness & Mutations

You are resistant to torment.
Your stone body is resilient. (AC +6)
You are immune to poison.
You resist negative energy. (rN+)
You are resistant to electric shocks. (rElec)
You can survive without breathing.
You are immune to petrification.
You are immune to rotting.


Message History

The rime drake is no longer paralysed.
The crocodile is no longer paralysed.
The spiny frog is no longer paralysed.
The komodo dragon is no longer paralysed.
The hippogriff is no longer paralysed.
You hit the water moccasin.
The water moccasin is heavily wounded.
The water moccasin bites you.
* * * LOW HITPOINT WARNING * * *
You closely miss the water moccasin.
The water moccasin is heavily wounded.
The water moccasin closely misses you.
You puncture the water moccasin!
You kill the water moccasin!
Your Invocations skill increases to level 4!
Uskayaw will force your foes to share their pain.
Uskayaw links your audience in an emotional bond!
You closely miss the rime drake. The rime drake breathes ice at you.
The flash freeze hits you!
You die...

▓÷▓.▓_▓
▓†▓.▓_▓
▓÷▓.▓_▓
▓.▓.▓_▓
▓.▓.▓_▓
▓.▓.▓_▓
▓.▓.▓_▓
▓.▓.▓_▓
▓@▓.▓_▓
▓k▓.▓_▓
▓t▓.▓_▓
▓.▓.▓_▓
▓F▓.▓_▓
▓l▓.▓_▓
▓.▓.▓_▓
▓H▓.▓_▓
▓.▓_▓


You could see a komodo dragon, a hippogriff, a spiny frog, a rime drake and a
crocodile.

Vanquished Creatures
  A hydra (D)
  A spiny frog (D)
  3 hippogriffs (D)
  A wraith (D)
  A basilisk (D)
  A steam dragon (D)
  2 water moccasins (D)
  2 porcupines (D)
  A phantom (D)
  2 centaurs (D)
  2 crocodiles (D)
  A bullfrog (D)
  2 hounds (D)
  A jelly (D)
  An orc priest (D)
  An iguana (D)
  A worker ant (D)
  An orc (D)
  A ball python (D)
  A bat skeleton (D)
  A giant cockroach (D)
  A goblin (D)
  2 hobgoblins (D)
  A kobold (D)
  A leopard gecko skeleton (D)
33 creatures vanquished.

Vanquished Creatures (others)
  A spatial maelstrom (D)
1 creature vanquished.

Grand Total: 34 creatures vanquished

Notes
Turn   | Place    | Note
-------+----------+-------------------------------------------
     0 | D        | Faca the Gargoyle Gladiator began the quest for the Orb.
     0 | D        | Reached XP level 1. HP: 12/12 MP: 1/1
     4 | D        | Banished a spatial maelstrom
     7 | D        | Reached skill level 1 in Stealth
    13 | D        | Reached skill level 2 in Stealth
    21 | D        | Reached XP level 2. HP: 17/17 MP: 2/2
    27 | D        | Noticed a centaur
    29 | D        | Reached skill level 3 in Stealth
    38 | D        | Reached skill level 5 in Stealth
    38 | D        | Reached XP level 3. HP: 17/21 MP: 3/3
    42 | D        | Killed a centaur
    42 | D        | Reached skill level 7 in Stealth
    42 | D        | Reached XP level 4. HP: 12/26 MP: 4/4
    47 | D        | Reached skill level 8 in Stealth
    47 | D        | Reached XP level 5. HP: 6/30 MP: 5/5
   291 | D        | Found a roughly hewn altar of Beogh.
   291 | D        | Found a snail-covered altar of Cheibriados.
   291 | D        | Found a shadowy altar of Dithmenos.
   291 | D        | Found a white marble altar of Elyvilon.
   291 | D        | Found a blossoming altar of Fedhas.
   291 | D        | Found an opulent altar of Gozag.
   292 | D        | Found a hazy altar of Hepliaklqana.
   293 | D        | Found a viscous altar of Jiyva.
   294 | D        | Found an ancient bone altar of Kikubaaqudgha.
   295 | D        | Found a corrupted altar of Lugonu.
   296 | D        | Found a burning altar of Makhleb.
   297 | D        | Found a sparkling altar of Nemelex Xobeh.
   298 | D        | Found an iron altar of Okawaru.
   299 | D        | Found a stormy altar of Qazlal.
   300 | D        | Found a sacrificial altar of Ru.
   301 | D        | Found a deep blue altar of Sif Muna.
   302 | D        | Found a bloodstained altar of Trog.
   303 | D        | Found a hide-covered altar of Uskayaw.
   304 | D        | Found a radiant altar of Vehumet.
   305 | D        | Found an ornate altar of the Wu Jian Council.
   306 | D        | Found a shimmering altar of Xom.
   307 | D        | Found a basalt altar of Yredelemnul.
   308 | D        | Found a glowing silver altar of Zin.
   309 | D        | Found a glowing golden altar of the Shining One.
   311 | D        | Became a worshipper of Uskayaw the Reveler
   360 | D        | Noticed a steam dragon
   360 | D        | Noticed a centaur
   360 | D        | Noticed a hippogriff
   360 | D        | Noticed a phantom
   362 | D        | Reached skill level 9 in Stealth
   362 | D        | Reached * piety under Uskayaw
   364 | D        | Reached ** piety under Uskayaw
   365 | D        | Killed a steam dragon
   365 | D        | Reached skill level 10 in Stealth
   365 | D        | Reached XP level 6. HP: 35/35 MP: 6/6
   367 | D        | Reached *** piety under Uskayaw
   368 | D        | Reached skill level 11 in Stealth
   370 | D        | Reached **** piety under Uskayaw
   381 | D        | Reached ***** piety under Uskayaw
   388 | D        | Killed a hippogriff
   388 | D        | Reached skill level 10 in Short Blades
   388 | D        | Reached skill level 12 in Stealth
   388 | D        | Reached XP level 7. HP: 13/40 MP: 7/7
   396 | D        | Reached ****** piety under Uskayaw
   417 | D        | Reached skill level 13 in Stealth
   760 | D        | Noticed a wraith
   760 | D        | Noticed a hippogriff
   793 | D        | Killed a wraith
   796 | D        | Killed a hippogriff
   796 | D        | Reached XP level 8. HP: 16/44 MP: 7/10
   799 | D        | HP: 1/44 [acid (8)]
  1130 | D        | Noticed a spiny frog
  1148 | D        | Reached skill level 14 in Stealth
  1152 | D        | Noticed a hippogriff
  1155 | D        | Killed a spiny frog
  1155 | D        | Reached skill level 5 in Evocations
  1155 | D        | Reached skill level 5 in Fighting
  1155 | D        | Reached XP level 9. HP: 21/54 MP: 10/12
  1352 | D        | Reached skill level 15 in Stealth
  1536 | D        | Noticed a rime drake
  1536 | D        | Noticed a five-headed hydra
  1536 | D        | Noticed a spiny frog
  1536 | D        | Noticed a komodo dragon
  1549 | D        | Killed a five-headed hydra
  1553 | D        | Killed from afar by a rime drake

Vault maps used:
D:        linesprint

Skill      XL: |  1  2  3  4  5  6  7  8  9 |
---------------+----------------------------+-----
Short Blades   | 3 4 6 7 8 10 11 12 | 12.7
Stealth        | 2 5 7 8 10 12 13 14 15 | 15.5
Evocations     | 3 5 6 |  6.2
Fighting       | 5 7 |  7.8
Invocations    | 4 |  4.1
Throwing       | |  1.7
Dodging        | |  2.4

Action                   |  1- 3 |  4- 6 |  7- 9 || total
-------------------------+-------+-------+-------++-------
Melee: Rapier            |    30 |    29 |   128 ||   187
  Use: Potion            |     1 |       |     2 ||     3
 Stab: Sleeping          |       |     2 |       ||     2
       Paralysed         |       |     1 |     7 ||     8
  Eat: Ration            |       |       |     1 ||     1
Armor: Leather armour    |    12 |       |       ||    12
       Ring mail         |       |    21 |    44 ||    65
Dodge: Dodged            |    17 |    20 |    44 ||    81

Table legend:
 A = Spawn XP
 B = Non-spawn XP
 C = Spawn XP percentage of total XP
 D = Spawn monster count
 E = Non-spawn monster count
 F = Spawn count percentage of total count
 G = Total turns spent on level
                    A         B        C        D         E        F      G
               +---------+---------+-------+---------+---------+-------+---------
         Total |       0 |    4211 |   0.0 |       0 |      33 |   0.0 |  1553
               +---------+---------+-------+---------+---------+-------+---------
             D |       0 |    4211 |   0.0 |       0 |      33 |   0.0 |  1553
               +---------+---------+-------+---------+---------+-------+---------
